 Dungeon Crawl Stone Soup version 0.31-a0-1009-g454b1f1e0a (webtiles) character file.

Game seed: 13921685391862635616

52 Queen the Ducker (level 3, 0/28 HPs)
             Began as a Merfolk Gladiator on Nov 15, 2023.
             Slain by Terence
             ... wielding a +0 flail
              (8 damage)
             ... on level 2 of the Dungeon.
             The game lasted 00:03:26 (2244 turns).

Queen the Ducker (Merfolk Gladiator)                Turns: 2244, Time: 00:03:27

Health: 0/28       AC:  5    Str: 16    XL:     3   Next: 85%
Magic:  3/3        EV: 14    Int:  7    God:
Gold:   65         SH:  0    Dex: 21    Spells: 2/2 levels left

rFire   . . .        a - +0 trident
rCold   . . .        (no shield)
rNeg    . . .        b - +0 leather armour
rPois   .            c - +0 helmet
rElec   .            (no cloak)
rCorr   .            (no gloves)
SInv    .            l - +0 pair of boots
Will    .....        m - amulet of the acrobat
Stlth   ++           g - +6 ring of dexterity
HPRegen 0.24/turn    (no ring)
MPRegen 0.08/turn

%: acrobat
@: no status effects
A: (nimble swimmer 2), mertail
a: no special abilities


You were on level 2 of the Dungeon.
You visited 1 branch of the dungeon, and saw 2 of its levels.

You collected 65 gold pieces.

Inventory:

Hand Weapons
 a - a +0 trident (weapon)
Missiles
 d - 3 throwing nets (quivered)
 e - a javelin
 j - 9 poisoned darts
Armour
 b - a +0 leather armour (worn)
 c - a +0 helmet (worn)
 l - a +0 pair of boots (worn)
Jewellery
 g - a +6 ring of dexterity (left hand)
 m - an amulet of the acrobat (around neck)
Scrolls
 f - a scroll of noise
 i - a scroll of blinking {unknown}
 k - a scroll of fog {unknown}
 n - a scroll of poison {unknown}
 p - a scroll of teleportation {unknown}
 q - a scroll of revelation {unknown}
 r - a scroll of enchant weapon {unknown}
Potions
 h - a potion of curing {unknown}


   Skills:
 + Level 2.9 Fighting
 + Level 4.6 Polearms
 + Level 2.6 Throwing
 + Level 4.6 Dodging


You had 2 spell levels left.
You didn't know any spells.
Your spell library was empty.

Dungeon Overview and Level Annotations

Branches:
Dungeon (2/15)

Altars:

Annotations:
D:2 Terence


Innate Abilities, Weirdness & Mutations

((You are very nimble when in or above water. (Stealth+, EV+, Speed+++)))
Your lower body shifts to a powerful aquatic tail in water.


Message History

Terence is heavily wounded.
Terence misses you.
You hit Terence but do no damage.
Terence is heavily wounded.
Terence hits you with a +0 flail.
You take 4 damage, and have 24/28 hp.
You hit Terence but do no damage.
Terence is heavily wounded.
Terence hits you with a +0 flail! Terence barely misses you.
You take 7 damage, and have 17/28 hp.
MASSIVE DAMAGE!!
You hit Terence but do no damage.
Terence is heavily wounded.
Terence hits you but does no damage.
You hit Terence but do no damage.
Terence is heavily wounded.
Terence misses you.
You hit Terence.
Terence is almost dead.
Terence hits you with a +0 flail!
You take 7 damage, and have 11/28 hp.
MASSIVE DAMAGE!!
You hit Terence but do no damage.
Terence is almost dead.
Terence hits you but does no damage.
You barely miss Terence.
Terence is almost dead.
Terence screams, "I want your blood!" Terence hits you with a +0 flail.
* * * LOW HITPOINT WARNING * * *
You take 3 damage, and have 8/28 hp.
You hit Terence but do no damage.
Terence is almost dead.
Terence barely misses you.
You hit Terence but do no damage.
Terence is almost dead.
Terence closely misses you.
You hit Terence.
Terence is almost dead.
Terence hits you with a +0 flail!
You die...
Terence says, "Rest in peace."

### ## #.. .#
##### #.##.#
#...# #.#..#
#.#.#######.#@#
#.#.......).@.#
###
#†#########.###
..###=# ...#
...##.# #####
...##.# ......#
# #.##.##.##
#.##.....#
#....#########


You could see Terence.

Vanquished Creatures
  An adder (D:2)
  3 worms (D:2)
  A dart slug (D:1)
  A giant cockroach (D:1)
  4 goblins
  3 hobgoblins
  4 jackals (D:1)
  3 kobolds
  3 ball pythons
  6 bats
  3 frilled lizards
32 creatures vanquished.

Notes
Turn   | Place    | Note
-------+----------+-------------------------------------------
     0 | D:1      | Queen the Merfolk Gladiator began the quest for the Orb.
     0 | D:1      | Reached XP level 1. HP: 16/16 MP: 1/1
   110 | D:1      | Found a faded altar of an unknown god.
   111 | D:1      | Noticed a shining eye
   113 | D:1      | Noticed a great orb of eyes
   113 | D:1      | Noticed a golden eye
   113 | D:1      | Noticed an eye of devastation
   120 | D:1      | Reached XP level 2. HP: 23/23 MP: 2/2
  1040 | D:1      | Found a faded altar of an unknown god.
  1683 | D:2      | Reached XP level 3. HP: 28/28 MP: 3/3
  1730 | D:2      | Identified the ring "Ruxo" {rElec Will+++ MP+9 Int-2
                  | Slay-6}
  2230 | D:2      | Noticed Terence
  2244 | D:2      | Slain by Terence

Illustrated notes

Levels and vault maps discovered:
D:1:      dpeg_arrival_solitude, layout_loops_corners,
          hellmonk_ecumenical_altar_watching_god, palyth_stone_intersect,
          minmay_misc_feat_secret_circle, nicolae_titane
D:2:      layout_basic, kennysheep_potato, uniq_terence, uniq_sigmund

Action                     || total
---------------------------++-------
  Melee: Trident           ||   119
         Punch             ||     1
    Use: Scroll            ||     1
   Stab: Distracted        ||     1
         Sleeping          ||     1
 Armour: Leather armour    ||    36
  Dodge: Dodged            ||    62

Table legend: (Time is in decaauts)
 A = Elapsed time spent in this place.
 B = Non-inter-level travel time spent in this place.
 C = Inter-level travel time spent in this place.
 D = Time resting spent in this place.
 E = Time spent auto-exploring this place.
 F = Levels seen in this place.
 G = Mean time per level.
                   A        B        C        D        E       F      G
               +--------+--------+--------+--------+--------+-----+--------+
         Total |   2252 |   2152 |    100 |     26 |   1802 |   2 | 1126.0 |
       Dungeon |   2252 |   2152 |    100 |     26 |   1802 |   2 | 1126.0 |
               +--------+--------+--------+--------+--------+-----+--------+

Top non-repeatable levels by time:
     D:1: 1631 daAuts
     D:2: 621 daAuts
